Workbook

Sheet Revenues
A1: GL Account | B1: Description | C1: 2026 | D1: 2027 | E1: 2028 | F1: 2029 | G1: 2030
A2: 1-00-100 | B2: Residential Taxes | C2: 167623.34 | D2: 170975.81 | E2: 174395.33 | F2: 177883.24 | G2: 181440.9
A3: 1-00-101 | B3: ASFF - School Tax Requistion | C3: 37294.31 | D3: 38040.2 | E3: 38801 | F3: 39577.02 | G3: 40368.56
A4: 1-00-102 | B4: Seniors Reqisition | C4: 6365.01 | D4: 6492.31 | E4: 6622.16 | F4: 6754.6 | G4: 6889.69
A5: 1-00-103 | B5: Designated Industrial Property Req. | C5: 0.43 | D5: 0.44 | E5: 0.45 | F5: 0.46 | G5: 0.47
A6: 1-00-110 | B6: Non-Residential Taxes | C6: 29255.72 | D6: 29840.83 | E6: 30437.65 | F6: 31046.4 | G6: 31667.33
A7: 1-00-120 | B7: Linear Taxes | C7: 13105.1 | D7: 13367.2 | E7: 13634.54 | F7: 13907.23 | G7: 14185.37
A8: 1-00-130 | B8: Franchise - ATCO | C8: 35399 | D8: =C8*1.02 -> 36106.98 | E8: =D8*1.02 -> 36829.12 | F8: =E8*1.02 -> 37565.702 | G8: =F8*1.02 -> 38317.016
A9: 1-00-140 | B9: Franchise - Apex Utilities Inc. | C9: 35831.17 | D9: =C9*1.02 -> 36547.793 | E9: =D9*1.02 -> 37278.749 | F9: =E9*1.02 -> 38024.324 | G9: =F9*1.02 -> 38784.811
A10: 1-00-200 | B10: Penalties & Costs on Taxes | C10: 1500 | D10: =C10*1.02 -> 1530 | E10: =D10*1.02 -> 1560.6 | F10: =E10*1.02 -> 1591.812 | G10: =F10*1.02 -> 1623.6482
A11: 1-00-210 | B11: Penalties Accounts Receivable | C11: 0 | D11: 0 | E11: 0 | F11: 0 | G11: 0
A12: 1-00-751 | B12: Conditional Municipal - FCSS | C12: 7882 | D12: 8039.64 | E12: 8200.43 | F12: 8364.44 | G12: 8531.73
A13: 1-00-845 | B13: Provincial Grant - MSI Operating | C13: 72712 | D13: 74166.24 | E13: 75649.56 | F13: 77162.55 | G13: 78705.8
A14: 1-00-990 | B14: Attorney General Fines & Costs | C14: 1400 | D14: 1428 | E14: 1456.56 | F14: 1485.69 | G14: 1515.4
A15: 1-12-266 | B15: Tax Recovery Fees | C15: 2340 | D15: 2386.8 | E15: 2434.54 | F15: 2483.23 | G15: 2532.89
A16: 1-12-411 | B16: Photocopy, Fax, Sales, etc. | C16: 185.5 | D16: =C16*1.2 -> 222.6 | E16: =D16*1.2 -> 267.12 | F16: =E16*1.2 -> 320.544 | G16: =F16*1.2 -> 384.6528
A17: 1-12-417 | B17: Tax Cert.\Dev. Permits, etc. | C17: 500 | D17: 510 | E17: 520.2 | F17: 530.6 | G17: 541.21
A18: 1-12-418 | B18: Maintenance service revenue | C18: 500 | D18: 510 | E18: 520.2 | F18: 530.6 | G18: 541.21
A19: 1-12-419 | B19: Newsletter Ads | C19: 1000 | D19: 1020 | E19: 1040.4 | F19: 1061.21 | G19: 1082.43
A20: 1-12-550 | B20: Investment Income - Bank Int. | C20: 2500 | D20: 1000 | E20: =D20*1.2 -> 1200 | F20: =E20*1.2 -> 1440 | G20: =F20*1.2 -> 1728
A21: 1-12-590 | B21: Miscellaneous Admin. Revenue | C21: 100 | D21: =C21*1.02 -> 102 | E21: 1560.6 | F21: 1591.81 | G21: 1623.65
A22: 1-21-530 | B22: Fines-Bylaw | C22: 500 | D22: =C22*1.02 -> 510 | E22: =D22*1.2 -> 612 | F22: =E22*1.2 -> 734.4 | G22: =F22*1.2 -> 881.28
A23: 1-23-410 | B23: Fire Charges | C23: 25000 | D23: =C23*1.02 -> 25500 | E23: =D23*1.02 -> 26010 | F23: =E23*1.02 -> 26530.2 | G23: =F23*1.02 -> 27060.804
A24: 1-24-410 | B24: Emergency Management Service Revenue | C24: 6000 | D24: 6120 | E24: 6242.4 | F24: 6367.25 | G24: 6494.6
A25: 1-26-520 | B25: Chicken License | C25: 0 | D25: 0 | E25: 0 | F25: 0 | G25: 0
A26: 1-26-521 | B26: Dog License | C26: 500 | D26: 510 | E26: 520.2 | F26: 530.6 | G26: 541.21
A27: 1-26-522 | B27: Cat License | C27: 200 | D27: 204 | E27: 208.08 | F27: 212.24 | G27: 216.48
A28: 1-26-523 | B28: Business License | C28: 200 | D28: 204 | E28: 208.08 | F28: 212.24 | G28: 216.48
A29: 1-32-560 | B29: Equipment Revenue | C29: 190.48 | D29: 194.29 | E29: 198.18 | F29: 202.14 | G29: 206.18
A30: 1-41-400 | B30: Water Sales | C30: 89000 | D30: =C30*1.02 -> 90780 | E30: =D30*1.02 -> 92595.6 | F30: =E30*1.02 -> 94447.512 | G30: =F30*1.02 -> 96336.462
A31: 1-41-401 | B31: Penalties - Water | C31: 700 | D31: 714 | E31: 728.28 | F31: 742.85 | G31: 757.71
A32: 1-41-414 | B32: Water On\Off Fee | C32: 300 | D32: 306 | E32: 312.12 | F32: 318.36 | G32: 324.73
A33: 1-42-400 | B33: Sewer Services | C33: 19000 | D33: 18564 | E33: 18935.28 | F33: 19313.99 | G33: 19700.27
A34: 1-43-400 | B34: Garbage Fees | C34: 44000 | D34: 43044 | E34: 43904.88 | F34: 44782.98 | G34: 45678.64
A35: 1-56-463 | B35: Perpetual Care Fee | C35: 1000 | D35: 1020 | E35: 1040.4 | F35: 1061.21 | G35: 1082.43
A36: 1-56-464 | B36: Sale of Cemetery Plots | C36: 500 | D36: 510 | E36: 520.2 | F36: 530.6 | G36: 541.21
A37: 1-56-466 | B37: Snow Removal Revenue | C37: 100 | D37: =C37*1.02 -> 102 | E37: =D37*1.02 -> 104.04 | F37: =E37*1.02 -> 106.1208 | G37: =F37*1.02 -> 108.24322
A38: 1-56-467 | B38: Interment Fee | C38: 1200 | D38: 1224 | E38: 1248.48 | F38: 1273.45 | G38: 1298.92
A39: 1-66-910 | B39: Planning Reserve | C39: 16000 | D39: 16320 | E39: 16646.4 | F39: 16979.33 | G39: 17318.92
A40: 1-69-100 | B40: Grazing Revenue | C40: 1787.5 | D40: 1823.25 | E40: 1859.72 | F40: 1896.91 | G40: 1934.85
A41: 1-72-850 | B41: Government Grants - Recreation | C41: 700 | D41: 714 | E41: 728.28 | F41: 742.85 | G41: 757.71
A42: 1-74-770 | B42: Museum Agreement | C42: 6500 | D42: 6630 | E42: 6762.6 | F42: 6897.85 | G42: 7035.81
A43: 1-74-771 | B43: Library Agreement | C43: 1450 | D43: 1479 | E43: 1508.58 | F43: 1538.75 | G43: 1569.52
A44: 1-74-850 | B44: Federl Grant - Heritage Canada | C44: 2400 | D44: 2448 | E44: 2496.96 | F44: 2546.9 | G44: 2597.84
B46: Total Revenue | C46: =SUM(C2:C44) -> 632721.56 | D46: =SUM(D2:D44) -> 641207.38 | E46: =SUM(E2:E44) -> 655799.97 | F46: =SUM(F2:F44) -> 669290.2 | G46: =SUM(G2:G44) -> 683125.07

Sheet Expenses
A1: GL Account | B1: Description | C1: 2026 | D1: 2027 | E1: 2028 | F1: 2029 | G1: 2030
A2: 2-11-150 | B2: Council Meeting Pay | C2: 6300 | D2: 6426 | E2: 6554.52 | F2: 6685.61 | G2: 6819.32
A3: 2-11-151 | B3: Council Supervision Pay | C3: 3600 | D3: 3672 | E3: 3745.44 | F3: 3820.35 | G3: 3896.76
A4: 2-11-211 | B4: Travel & Subsistence | C4: 2000 | D4: 2040 | E4: 2080.8 | F4: 2122.42 | G4: 2164.87
A5: 2-11-212 | B5: Legislative - Discretionary | C5: 300 | D5: 306 | E5: 312.12 | F5: 318.36 | G5: 324.73
A6: 2-12-110 | B6: Salaries & Wages | C6: 133120 | D6: 135782.4 | E6: 138498.05 | F6: 141268.01 | G6: 144093.37
A7: 2-12-130 | B7: Payroll Deductions | C7: 9185.57 | D7: 9369.28 | E7: 9556.67 | F7: 9747.8 | G7: 9942.76
A8: 2-12-131 | B8: Vacation Pay | C8: 2232.46 | D8: 2277.11 | E8: 2322.65 | F8: 2369.1 | G8: 2416.48
A9: 2-12-132 | B9: Payroll Benefits | C9: 1000 | D9: 1020 | E9: 1040.4 | F9: 1061.21 | G9: 1082.43
A10: 2-12-150 | B10: Meeting Pay | C10: 660 | D10: 673.2 | E10: 686.66 | F10: 700.39 | G10: 714.4
A11: 2-12-152 | B11: Election & Census Fees | C11: 1000 | D11: 1020 | E11: 1040.4 | F11: 1061.21 | G11: 1082.43
A12: 2-12-211 | B12: Travel & Subsistence | C12: 1000 | D12: 1020 | E12: 1040.4 | F12: 1061.21 | G12: 1082.43
... A28: 2-12-271 | B28: Website Fees | C28: 1300 | D28: 1326 | E28: 1352.52 | F28: 1379.57 | G28: 1407.16
A29: 2-12-274 | B29: Insurance & Bond | C29: 12500 | D29: =C29*1.02 -> 12750 | E29: =D29*1.02 -> 13005 | F29: =E29*1.02 -> 13265.1 | G29: =F29*1.02 -> 13530.402
A30: 2-12-275 | B30: Workman's Compensation | C30: 7200 | D30: =C30*1.02 -> 7344 | E30: =D30*1.2 -> 8812.8 | F30: =E30*1.2 -> 10575.36 | G30: =F30*1.2 -> 12690.432
A31: 2-12-277 | B31: Health & Safety | C31: 5000 | D31: =C31*1.02 -> 5100 | E31: =D31*1.02 -> 5202 | F31: =E31*1.02 -> 5306.04 | G31: =F31*1.02 -> 5412.1608
A32: 2-12-505 | B32: Photocopier Costs | C32: 3000 | D32: =C32*1.02 -> 3060 | E32: =D32*1.02 -> 3121.2 | F32: =E32*1.02 -> 3183.624 | G32: =F32*1.02 -> 3247.2965
A33: 2-12-510 | B33: General Office Supplies | C33: 3000 | D33: =C33*1.02 -> 3060 | E33: =D33*1.02 -> 3121.2 | F33: =E33*1.02 -> 3183.624 | G33: =F33*1.02 -> 3247.2965
A34: 2-12-540 | B34: Utilities - Heating | C34: 2500 | D34: =C34*1.02 -> 2550 | E34: =D34*1.02 -> 2601 | F34: =E34*1.02 -> 2653.02 | G34: =F34*1.02 -> 2706.0804
A35: 2-12-541 | B35: Utilities - Power | C35: 3200 | D35: =C35*1.02 -> 3264 | E35: =D35*1.02 -> 3329.28 | F35: =E35*1.02 -> 3395.8656 | G35: =F35*1.02 -> 3463.7829
A36: 2-12-590 | B36: Miscellaneous | C36: 500 | D36: 510 | E36: 520.2 | F36: 530.6 | G36: 821.99
A37: 2-12-810 | B37: Bank Charges & Fees | C37: 3000 | D37: =C37*1.02 -> 3060 | E37: =D37*1.02 -> 3121.2 | F37: =E37*1.02 -> 3183.624 | G37: =F37*1.02 -> 3247.2965
A38: 2-12-920 | B38: AMORTIZATION | C38: 14184.45 | D38: 14468.14 | E38: 14757.5 | F38: 15052.65 | G38: 15353.7
A39: 2-23-410 | B39: Fire Service Agreement | C39: 25000 | D39: 25500 | E39: 26010 | F39: 26530.2 | G39: 27060.8
A40: 2-24-410 | B40: Emergency Management Agreement | C40: 6000 | D40: 6120 | E40: 6242.4 | F40: 6367.25 | G40: 6494.6
A41: 2-26-751 | B41: Bylaw Enforcement | C41: 5000 | D41: 5100 | E41: 5202 | F41: 5306.04 | G41: 5412.16
A42: 2-26-752 | B42: Rural Policing Expense | C42: 14494.47 | D42: 17077.12 | E42: 21968.31 | F42: 27863.13 | G42: 37592.93
A43: 2-32-110 | B43: Salaries - Roads & Streets | C43: 32000 | D43: =C43*1.02 -> 32640 | E43: =D43*1.02 -> 33292.8 | F43: =E43*1.02 -> 33958.656 | G43: =F43*1.02 -> 34637.829
A44: 2-32-111 | B44: Salaries - Shop Work Hours | C44: 28500 | D44: 29070 | E44: 29651.4 | F44: 30244.43 | G44: 30849.32
A45: 2-32-130 | B45: Payroll Deductions | C45: 4800 | D45: =C45*1.02 -> 4896 | E45: =D45*1.02 -> 4993.92 | F45: =E45*1.02 -> 5093.7984 | G45: =F45*1.02 -> 5195.6744
A46: 2-32-131 | B46: Vacation Pay | C46: 6127 | D46: 6249.54 | E46: 6374.53 | F46: 6502.02 | G46: 6632.06
A47: 2-32-132 | B47: Payroll Benefits (Health Spending) | C47: 1000 | D47: 1020 | E47: 1040.4 | F47: 1061.21 | G47: 1082.43
A48: 2-32-210 | B48: Travel | C48: 300 | D48: 306 | E48: 312.12 | F48: 318.36 | G48: 324.73
A49: 2-32-217 | B49: Maintenance Cell Phone | C49: 576 | D49: 588.41 | E49: 599.27 | F49: 611.26 | G49: 623.49
A50: 2-32-230 | B50: Engineering Fees | C50: 3472.5 | D50: 3541.95 | E50: 3612.79 | F50: 3685.05 | G50: 3758.75
A51: 2-32-250 | B51: Road & Street Repairs | C51: 3000 | D51: =C51*1.02 -> 3060 | E51: =D51*1.02 -> 3121.2 | F51: =E51*1.02 -> 3183.624 | G51: =F51*1.02 -> 3247.2965
A52: 2-32-251 | B52: Equipment Repairs & Maint. | C52: 3500 | D52: 3570 | E52: 3641.4 | F52: 3714.23 | G52: 3788.51
A53: 2-32-252 | B53: Sidewalk & Curb Repairs | C53: 2184.37 | D53: 2228.06 | E53: 2272.62 | F53: 2318.07 | G53: 2364.43
A54: 2-32-270 | B54: Contracted Services | C54: 1000 | D54: 1020 | E54: 1116.87 | F54: 1061.21 | G54: 1082.43
A55: 2-32-271 | B55: Insurance Share | C55: 1513 | D55: 1543.26 | E55: 1574.13 | F55: 1605.61 | G55: 1637.72
A56: 2-32-510 | B56: Small Equipment & Supplies | C56: 5000 | D56: 5100 | E56: 5202 | F56: 5306.04 | G56: 5412.16
A57: 2-32-515 | B57: Equipment Rental | C57: 2500 | D57: =C57*1.02 -> 2550 | E57: =D57*1.02 -> 2601 | F57: =E57*1.02 -> 2653.02 | G57: =F57*1.02 -> 2706.0804
A58: 2-32-521 | B58: Gas & Diesel Fuel | C58: 7500 | D58: 7650 | E58: 7803 | F58: 7959.06 | G58: 8118.24
A59: 2-32-530 | B59: Const. & Maint. Supplies | C59: 1223.74 | D59: 1248.21 | E59: 1273.17 | F59: 1298.63 | G59: 1324.6
A60: 2-32-532 | B60: Gravel, Cold Mix & Sand | C60: 5000 | D60: 3570 | E60: 3641.4 | F60: 3714.23 | G60: 3788.51
A61: 2-32-541 | B61: Street Lights | C61: 22615 | D61: 23067.3 | E61: 23528.65 | F61: 23999.22 | G61: 24479.2
A62: 2-32-542 | B62: Shop Power | C62: 2000 | D62: =C62*1.02 -> 2040 | E62: =D62*1.02 -> 2080.8 | F62: =E62*1.02 -> 2122.416 | G62: =F62*1.02 -> 2164.8643
A63: 2-32-543 | B63: Shop Natural Gas | C63: 2600 | D63: =C63*1.02 -> 2652 | E63: =D63*1.02 -> 2705.04 | F63: =E63*1.02 -> 2759.1408 | G63: =F63*1.02 -> 2814.3236
A64: 2-32-590 | B64: Miscellaneous | C64: 500 | D64: 510 | E64: 520.2 | F64: 530.6 | G64: 541.21
A65: 2-32-920 | B65: AMORTIZATION | C65: 29008.57 | D65: 29588.74 | E65: 30180.51 | F65: 30784.12 | G65: 31399.8
A66: 2-41-110 | B66: Salaries - Water Related | C66: 10000 | D66: =C66*1.02 -> 10200 | E66: =D66*1.02 -> 10404 | F66: =E66*1.02 -> 10612.08 | G66: =F66*1.02 -> 10824.322
A67: 2-41-130 | B67: Payroll Deductions | C67: 800 | D67: =C67*1.02 -> 816 | E67: =D67*1.02 -> 832.32 | F67: =E67*1.02 -> 848.9664 | G67: =F67*1.02 -> 865.94573
A68: 2-41-211 | B68: Travel & Subsistence | C68: 105 | D68: 107.1 | E68: 109.24 | F68: 111.42 | G68: 113.65
A69: 2-41-212 | B69: COURSE REGISTRATION FEES | C69: 450 | D69: =C69*1.02 -> 459 | E69: =D69*1.02 -> 468.18 | F69: =E69*1.02 -> 477.5436 | G69: =F69*1.02 -> 487.09447
A70: 2-41-215 | B70: Freight | C70: 50 | D70: 51 | E70: 52.02 | F70: 53.06 | G70: 54.12
A71: 2-41-250 | B71: Water Testing Supplies | C71: 250 | D71: =C71*1.02 -> 255 | E71: =D71*1.02 -> 260.1 | F71: =E71*1.02 -> 265.302 | G71: =F71*1.02 -> 270.60804
A72: 2-41-251 | B72: Maintenance Supplies | C72: 5000 | D72: =C72*1.02 -> 5100 | E72: =D72*1.02 -> 5202 | F72: =E72*1.02 -> 5306.04 | G72: =F72*1.02 -> 5412.1608
A73: 2-41-270 | B73: Contracted Services | C73: 500 | D73: 510 | E73: 520.2 | F73: 530.6 | G73: 541.21
A74: 2-41-272 | B74: Computer/Software Expense | C74: 2275 | D74: 2320.5 | E74: 2366.91 | F74: 2414.25 | G74: 2462.54
A75: 2-41-600 | B75: SMRWSC - Debenture Payments | C75: 10000 | D75: =C75*1.02 -> 10200 | E75: =D75*1.02 -> 10404 | F75: =E75*1.02 -> 10612.08 | G75: =F75*1.02 -> 10824.322
A76: 2-41-601 | B76: SMRWSC - Water Consumption | C76: 46000 | D76: 46920 | E76: 47858.4 | F76: 48815.57 | G76: 49791.88
A77: 2-41-920 | B77: AMORTIZATION | C77: 25760.11 | D77: 26275.31 | E77: 26800.82 | F77: 27336.84 | G77: 27883.58
A78: 2-42-110 | B78: Salaries - Sewer Related | C78: 775.9 | D78: 791.42 | E78: 807.25 | F78: 823.4 | G78: 839.87
A79: 2-42-130 | B79: Payroll Deductions | C79: 94.8 | D79: 96.7 | E79: 98.63 | F79: 100.6 | G79: 102.61
A80: 2-42-275 | B80: Contracted Services - Sewer | C80: 1000 | D80: 1020 | E80: 1040.4 | F80: 1061.21 | G80: 1082.43
A81: 2-42-290 | B81: Lagoon Drainage Easement | C81: 200 | D81: 204 | E81: 208.08 | F81: 212.24 | G81: 216.48
A82: 2-42-590 | B82: Miscellaneous | C82: 108.58 | D82: 110.75 | E82: 112.96 | F82: 115.22 | G82: 117.52
A83: 2-42-920 | B83: AMORTIZATION | C83: 14408.55 | D83: 14696.72 | E83: 14990.65 | F83: 15290.46 | G83: 15596.27
A84: 2-43-110 | B84: Salaries - Garbage Related | C84: 2000 | D84: =C84*1.02 -> 2040 | E84: =D84*1.02 -> 2080.8 | F84: =E84*1.02 -> 2122.416 | G84: =F84*1.02 -> 2164.8643
A85: 2-43-130 | B85: Payroll Deductions | C85: 350 | D85: =C85*1.02 -> 357 | E85: =D85*1.02 -> 364.14 | F85: =E85*1.02 -> 371.4228 | G85: =F85*1.02 -> 378.85126
A86: 2-43-251 | B86: Repairs & Maintenance | C86: 85.98 | D86: 87.7 | E86: 89.45 | F86: 91.24 | G86: 93.06
A87: 2-43-270 | B87: Contracted Garbage Pickup | C87: 28000 | D87: 18533.4 | E87: 18904.07 | F87: 19282.15 | G87: 19667.79
A88: 2-56-110 | B88: Salaries - Cemetery | C88: 4300 | D88: =C88*1.02 -> 4386 | E88: =D88*1.02 -> 4473.72 | F88: =E88*1.02 -> 4563.1944 | G88: =F88*1.02 -> 4654.4583
A89: 2-56-130 | B89: Payroll Deductions | C89: 350 | D89: =C89*1.02 -> 357 | E89: =D89*1.02 -> 364.14 | F89: =E89*1.02 -> 371.4228 | G89: =F89*1.02 -> 378.85126
A90: 2-56-270 | B90: Contracted Services | C90: 700 | D90: 714 | E90: 728.28 | F90: 742.85 | G90: 757.71
A91: 2-56-510 | B91: General Services & Supplies | C91: 600 | D91: 612 | E91: 624.24 | F91: 636.72 | G91: 649.45
A92: 2-62-111 | B92: FCSS - Postage | C92: 650 | D92: 663 | E92: 676.26 | F92: 689.79 | G92: 703.59
A93: 2-62-755 | B93: FCSS Programs | C93: 9760 | D93: 9955.2 | E93: 10154.3 | F93: 10357.39 | G93: 10564.54
A94: 2-62-756 | B94: Community Programming | C94: 113.45 | D94: 115.72 | E94: 118.03 | F94: 120.39 | G94: 122.8
A95: 2-62-760 | B95: FCSS Membership Expenses | C95: 114 | D95: 116.28 | E95: 118.61 | F95: 120.98 | G95: 123.4
A96: 2-66-762 | B96: Planning Services expenses | C96: 6000 | D96: 6120 | E96: 6242.4 | F96: 6367.25 | G96: 6494.6
A97: 2-69-110 | B97: Salaries - Rental Space Maintainence | C97: 500 | D97: 510 | E97: 520.2 | F97: 530.6 | G97: 541.21
A98: 2-72-110 | B98: Salaries - Green Space Maintenance | C98: 18000 | D98: =C98*1.02 -> 18360 | E98: =D98*1.02 -> 18727.2 | F98: =E98*1.02 -> 19101.744 | G98: =F98*1.02 -> 19483.779
A99: 2-72-130 | B99: Payroll Deductions | C99: 1486.37 | D99: 1516.1 | E99: 1546.42 | F99: 1577.35 | G99: 1608.9
A100: 2-72-250 | B100: Parks - Contract Services | C100: 500 | D100: 510 | E100: 520.2 | F100: 530.6 | G100: 541.21
A101: 2-74-110 | B101: Salaries - Culture Related | C101: 289.72 | D101: 295.51 | E101: 301.42 | F101: 307.45 | G101: 313.6
A102: 2-74-130 | B102: Payroll Deductions | C102: 35.15 | D102: 35.85 | E102: 36.57 | F102: 37.3 | G102: 38.05
A103: 2-74-232 | B103: Village Beautification | C103: 2000 | D103: =C103*1.02 -> 2040 | E103: =D103*1.02 -> 2080.8 | F103: =E103*1.02 -> 2122.416 | G103: =F103*1.02 -> 2164.8643
A104: 2-74-251 | B104: Repairs & Maintenance | C104: 1000 | D104: 1020 | E104: 1040.4 | F104: 1061.21 | G104: 1082.43
A105: 2-74-252 | B105: Miscellaneous | C105: 388.58 | D105: 396.35 | E105: 404.28 | F105: 412.37 | G105: 420.62
A106: 2-74-271 | B106: Insurance | C106: 3028 | D106: 3088.56 | E106: 3150.33 | F106: 3213.34 | G106: 3277.61
A107: 2-74-540 | B107: Utilities - Gas | C107: 2500 | D107: 2550 | E107: 2601 | F107: 2653.02 | G107: 2706.08
A108: 2-74-541 | B108: Utilities - Power | C108: 3600 | D108: 3672 | E108: 3745.44 | F108: 3820.35 | G108: 3896.76
A109: 2-74-770 | B109: Grants - Museum | C109: 5000 | D109: 5000 | E109: 5000 | F109: 5000 | G109: 5000
A110: 2-74-771 | B110: Grants - Library | C110: 5000 | D110: 5100 | E110: 5202 | F110: 5306.04 | G110: 5412.16
A111: 2-74-775 | B111: Parkland Reg. Library Req. | C111: 2200 | D111: =C111*1.02 -> 2244 | E111: =D111*1.02 -> 2288.88 | F111: =E111*1.02 -> 2334.6576 | G111: =F111*1.02 -> 2381.3508
A112: 2-74-850 | B112: Canada Day Celebration | C112: 2400 | D112: =C112*1.02 -> 2448 | E112: =D112*1.02 -> 2496.96 | F112: =E112*1.02 -> 2546.8992 | G112: =F112*1.02 -> 2597.8372
A113: 2-74-920 | B113: AMORTIZATION | C113: 806.54 | D113: 822.67 | E113: 839.12 | F113: 855.9 | G113: 873.02
A114: 2-80-741 | B114: Provincial Education - ASFF | C114: 42000 | D114: =C114*1.02 -> 42840 | E114: =D114*1.02 -> 43696.8 | F114: =E114*1.02 -> 44570.736 | G114: =F114*1.02 -> 45462.151
A115: 2-80-751 | B115: Recreation Requistion County of Stettler | C115: 3955 | D115: 4034.1 | E115: 4114.78 | F115: 4197.08 | G115: 4281.02
...

Sheet Summary
A1: Year | B1: Total Revenue | C1: Total Expenses | D1: Surplus / (Deficit) | F1: 3-Year Operating Plan (2027–2029)
A2: 2026 | B2: =SUM(Revenues!C2:C44) -> 632721.56 | C2: =Expenses!C173 -> 657843.61 | D2: =B2-C2 -> -25122.05
A3: 2027 | B3: =SUM(Revenues!D2:D44) -> 641207.38 | C3: =Expenses!D173 -> 666737.53 | D3: =B3-C3 -> -25530.147 | F3: Year | G3: Total Revenue | H3: Total Expenses | I3: Surplus / (Deficit)
A4: 2028 | B4: =SUM(Revenues!E2:E44) -> 655799.97 | C4: =Expenses!E173 -> 685919.39 | D4: =B4-C4 -> -30119.421 | F4: 2027 | G4: =B3 -> 641207.38 | H4: =C3 -> 666737.53 | I4: =D4 -> -30119.421
A5: 2029 | B5: =SUM(Revenues!F2:F44) -> 669290.2 | C5: =Expenses!F173 -> 706670.17 | D5: =B5-C5 -> -37379.973 | F5: 2028 | G5: =B4 -> 655799.97 | H5: =C4 -> 685919.39 | I5: =D5 -> -37379.973
A6: 2030 | B6: =SUM(Revenues!G2:G44) -> 683125.07 | C6: =Expenses!G173 -> 731888.42 | D6: =B6-C6 -> -48763.357 | F6: 2029 | G6: =B5 -> 669290.2 | H6: =C5 -> 706670.17 | I6: =D6 -> -48763.357
A9: Notes:
A10: 1. Base year (2025) is derived from the Budget column where non-zero, otherwise Year-to-Date, converted to positive values.
A11: 2. Projections for 2026–2029 apply a 2% annual increase to each GL line.
A12: 3. Totals and surplus/deficit will update if any base-year GL amounts are adjusted.
